 Dungeon Crawl Stone Soup version 0.31-a0-175-g9f7f995f2b (webtiles) character file.

Game seed: 18399392804538662645

5404 qw the Cleaver (level 10, -4/63 HPs)
             Began as a Gargoyle Fighter on June 16, 2023.
             Was an Elder of Okawaru.
             Slain by an ice devil (19 damage)
             ... on level 1 of the Lair of Beasts.
             The game lasted 00:03:55 (7611 turns).

qw the Cleaver (Gargoyle Fighter)                   Turns: 7611, Time: 00:03:55

Health: -4/63      AC: 30    Str: 23    XL:     10   Next: 67%
Magic:  12/13      EV:  9    Int: 10    God:    Okawaru [****..]
Gold:   492        SH: 13    Dex: 15    Spells: 9/9 levels left

rFire   . . .        Y - +2 war axe (freeze)
rCold   . . .        a - +0 kite shield
rNeg    + . .        r - +0 plate armour
rPois   inf          i - +1 hat
rElec   +            t - +1 cloak
rCorr   .            b - +0 pair of gloves
SInv    .            h - +2 pair of boots
Will    .....        s - amulet of faith Stlth
                     p - +6 ring of dexterity
HPRegen 0.30/turn    (no ring)
MPRegen 0.13/turn

%: faith
@: heroic, slowed, very slow
A: sickness immunity, AC +7, negative energy resistance 1, electricity
resistance, torment resistance 1, petrification resistance
a: Renounce Religion, Heroism, Finesse


You were on level 1 of the Lair of Beasts.
You worshipped Okawaru.
Okawaru was greatly pleased with you.
You visited 3 branches of the dungeon, and saw 10 of its levels.

You collected 492 gold pieces.


Innate Abilities, Weirdness & Mutations

You are immune to sickness and miasma.
Your stone body is resilient. (AC +7)
You are immune to poison.
You resist negative energy. (rN+)
You are resistant to electric shocks. (rElec)
You are resistant to unholy torment.
You are immune to petrification.


   Skills:
 - Level 7.1(12.1) Fighting
 - Level 9.0(14.0) Axes
 - Level 3.1(8.1) Throwing
 - Level 6.1(11.1) Armour
 - Level 2.5(7.5) Dodging
 + Level 8.0(13.0) Shields
 + Level 5.3 Invocations


You had 9 spell levels left.
You didn't know any spells.
Your spell library was empty.

Inventory:

Hand Weapons
 u - a +0 flail
 Y - a +2 war axe of freezing (weapon)
Missiles
 v - 3 javelins
 y - 4 boomerangs
 B - 2 silver javelins (quivered)
Armour
 a - a +0 kite shield (worn)
 b - a +0 pair of gloves (worn)
 h - a +2 pair of boots (worn)
 i - a +1 hat (worn)
 r - a +0 plate armour (worn)
 t - a +1 cloak (worn)
Jewellery
 p - a +6 ring of dexterity (left hand)
 s - an amulet of faith (around neck)
 w - a ring of ice
Scrolls
 j - a scroll of revelation {unknown}
 m - a scroll of identify
 o - a scroll of teleportation
 z - a scroll of vulnerability {unknown}
Potions
 c - a potion of curing
 d - a potion of might
 e - 3 potions of heal wounds
 f - 4 potions of lignification
 g - 2 potions of resistance
 k - a potion of haste
 l - a potion of mutation
 n - 2 potions of attraction
 q - a potion of cancellation
 x - a potion of magic

Dungeon Overview and Level Annotations

Branches:
Dungeon (8/15)             Temple (1/1) D:6            Lair (1/5) D:8

Altars:
Ashenzari
Cheibriados
Dithmenos
Fedhas
Gozag
Hepliaklqana
Makhleb
Nemelex Xobeh
Okawaru
Qazlal
Ru
Sif Muna
Trog
Uskayaw
Vehumet
Wu Jian
Xom
Yredelemnul
Zin
The Shining One

Annotations:
D:5 2 runed translucent doors
D:8 exclusion: shadow imp


Message History

You slash the bog body! You freeze the bog body.
You destroy the bog body!
Okawaru is honoured by your kill.
You hit the polar bear.
The polar bear bites you but does no damage.
You block the polar bear's attack.
The polar bear claws you but does no damage.
You block the polar bear's attack.
The polar bear claws you but does no damage.
You block the polar bear's attack.
Your base Dodging skill increases to level 2!
Your Invocations skill increases to level 5!
You barely miss the polar bear.
The polar bear is lightly wounded.
A water moccasin comes into view.
You block the polar bear's attack. The polar bear barely misses you.
You block the polar bear's attack.
The water moccasin hisses angrily.
You slash the polar bear! You freeze the polar bear.
The polar bear is moderately wounded.
You block the polar bear's attack. The polar bear claws you.
You block the polar bear's attack.
You barely miss the polar bear.
The polar bear is moderately wounded.
The polar bear bites you but does no damage.
The polar bear claws you but does no damage.
You block the polar bear's attack. The freezing wraith barely misses you.
You block the freezing wraith's attack.
The polar bear bites you but does no damage.
You block the polar bear's attack. The polar bear closely misses you.
You slash the polar bear!
The polar bear is heavily wounded.
You closely miss the ice devil.
You hit the freezing wraith but do no damage.
You block the freezing wraith's attack.
The freezing wraith hits you but does no damage.
The polar bear bites you but does no damage.
The polar bear claws you but does no damage.
The polar bear misses you. The ice devil hits you! The ice devil freezes you!!
You die...

#?...~~~..... #
#$...~~~..... ##
#$...~~~...... ##.
#8...~~~......####..
#...(~~~# #..>...
#...~~~(# ####.....
#..S~~~# #P.....##
#.4hW~~# ###....###.
#..@~~~###....####..
#.~~~~##.....## #.~
#.%~~~....%### #.~
#..~~~......P## #.~
#~~~~.........## #.~
#.~~~..........# #.%
#.~~~..........####.
#~~~~...........# ##
##~~~............##
#


You could see a polar bear, an ice devil, a freezing wraith and a water
moccasin.

Vanquished Creatures
  A bog body (Lair:1)
  A cane toad (Lair:1)
  A troll (D:8)
  A polar bear (Lair:1)
  2 steam dragons
  2 acid dragons (D:8)
  A water moccasin (Lair:1)
  An orc warrior (D:8)
  A black bear (Lair:1)
  A sky beast (D:6)
  2 ogres
  6 wolves
  A centaur (D:8)
  3 kobold brigands
  4 bullfrogs
  6 scorpions
  5 wights
  9 killer bees
  2 howler monkeys
  4 electric eels
  4 hounds
  2 jellies
  2 gnoll boudas (D:7)
  2 orc priests
  Terence (D:1)
  9 iguanas
  3 orc wizards
  9 adders
  9 gnolls
  2 white imps
  A worm (D:3)
  A dart slug (D:3)
  30 orcs
  6 endoplasms
  2 giant cockroaches
  4 goblins
  11 hobgoblins
  6 jackals
  22 kobolds
  4 quokkas
  7 ball pythons
  6 bats
  A frilled lizard (D:3)
  6 rats
204 creatures vanquished.

Vanquished Creatures (others)
  A kobold (D:8)
1 creature vanquished.

Grand Total: 205 creatures vanquished

Notes
Turn   | Place    | Note
-------+----------+-------------------------------------------
     0 | D:1      | qw the Gargoyle Fighter began the quest for the Orb.
     0 | D:1      | Reached XP level 1. HP: 14/14 MP: 1/1
     0 | D:1      | 0 ||| qw: Version: 0.2-a-29-g511e9b1
     0 | D:1      | 0 ||| qw: Game counter: 5833
     0 | D:1      | 0 ||| qw: Always use a shield: true
     0 | D:1      | 0 ||| qw: God list: Okawaru
     0 | D:1      | 0 ||| qw: Allow faded altars: false
     0 | D:1      | 0 ||| qw: Do Orc after D:15 true
     0 | D:1      | 0 ||| qw: Do second Lair branch before Depths: true
     0 | D:1      | 0 ||| qw: Lair rune preference: random
     0 | D:1      | 0 ||| qw: Plans: Normal, Zot:1-4, Slime:5, God:TSO, Crypt,
                  | Tomb, Abyss, Pan, Hells, Win
     0 | D:1      | 0 ||| PLANNING D:1-11
    60 | D:1      | Reached skill level 2 in Axes
    93 | D:1      | 93 ||| Stepping ~*~*~tactically~*~*~ (stealth).
    99 | D:1      | Reached XP level 2. HP: 19/19 MP: 2/2
   567 | D:1      | 567 ||| UPGRADING to +2 pair of boots.
   572 | D:1      | 572 ||| UPGRADING to +1 hat.
   577 | D:1      | 577 ||| READING scroll labelled TUTWOKHEBE.
   615 | D:2      | Noticed Terence
   625 | D:2      | 625 ||| STAIRDANCE
   630 | D:1      | Killed Terence
   631 | D:1      | Reached skill level 3 in Axes
   631 | D:1      | Reached XP level 3. HP: 14/23 MP: 3/3
   685 | D:2      | 685 ||| Stepping ~*~*~tactically~*~*~ (stealth).
   686 | D:2      | 686 ||| Stepping ~*~*~tactically~*~*~ (stealth).
   687 | D:2      | 687 ||| Stepping ~*~*~tactically~*~*~ (stealth).
   688 | D:2      | 688 ||| Stepping ~*~*~tactically~*~*~ (stealth).
   691 | D:2      | 691 ||| Stepping ~*~*~tactically~*~*~ (stealth).
   695 | D:2      | 695 ||| Stepping ~*~*~tactically~*~*~ (stealth).
   707 | D:2      | 707 ||| Stepping ~*~*~tactically~*~*~ (stealth).
   710 | D:2      | 710 ||| Stepping ~*~*~tactically~*~*~ (stealth).
   712 | D:2      | 712 ||| Stepping ~*~*~tactically~*~*~ (stealth).
   714 | D:2      | 714 ||| Stepping ~*~*~tactically~*~*~ (stealth).
   722 | D:2      | Reached XP level 4. HP: 25/28 MP: 4/4
   916 | D:2      | Found a broken altar of Ashenzari.
  1078 | D:2      | Identified the +2 shortbow of False Hope {freeze, rF++}
  1144 | D:2      | 1144 ||| UPGRADING to +0 kite shield.
  1154 | D:2      | 1154 ||| DROPPING +0 buckler.
  1155 | D:2      | 1155 ||| READING scroll labelled FOYS NAHAQOEXE.
  1156 | D:2      | 1156 ||| DRINKING 3 fuming grey potions.
  1157 | D:2      | 1157 ||| READING 2 scrolls of identify.
  1157 | D:2      | 1157 ||| IDENTIFYING dark potion
  1254 | D:3      | 1254 ||| Stepping ~*~*~tactically~*~*~ (hiding).
  1412 | D:3      | 1412 ||| Stepping ~*~*~tactically~*~*~ (stealth).
  1414 | D:3      | 1414 ||| Stepping ~*~*~tactically~*~*~ (hiding).
  1415 | D:3      | 1415 ||| Stepping ~*~*~tactically~*~*~ (hiding).
  1416 | D:3      | 1416 ||| Stepping ~*~*~tactically~*~*~ (hiding).
  1672 | D:3      | Reached skill level 4 in Axes
  1717 | D:3      | Reached XP level 5. HP: 32/32 MP: 5/5
  1779 | D:3      | 1779 ||| Stepping ~*~*~tactically~*~*~ (stealth).
  1781 | D:3      | 1781 ||| Stepping ~*~*~tactically~*~*~ (hiding).
  1816 | D:3      | 1816 ||| Stepping ~*~*~tactically~*~*~ (hiding).
  2250 | D:3      | 2250 ||| UPGRADING to +0 plate armour.
  2260 | D:3      | 2260 ||| DROPPING +0 scale mail.
  2261 | D:3      | 2261 ||| UPGRADING to +1 cloak.
  2266 | D:3      | 2266 ||| UPGRADING to amulet of faith.
  2271 | D:3      | 2271 ||| UPGRADING to +6 ring of dexterity.
  2272 | D:3      | 2272 ||| READING 3 scrolls labelled VOSCHA NOUPIN.
  2275 | D:3      | 2275 ||| READING scroll labelled BODUTW ISEXZO.
  2276 | D:3      | 2276 ||| DRINKING 2 black potions.
  2330 | D:4      | 2330 ||| Stepping ~*~*~tactically~*~*~ (stealth).
  2331 | D:4      | 2331 ||| Stepping ~*~*~tactically~*~*~ (stealth).
  2339 | D:4      | 2339 ||| DROPPING +0 whip.
  2618 | D:4      | Reached XP level 6. HP: 32/37 MP: 6/6
  2704 | D:4      | Reached skill level 5 in Axes
  2892 | D:5      | Entered Level 5 of the Dungeon
  2904 | D:5      | Reached skill level 1 in Dodging
  2919 | D:5      | 2919 ||| DROPPING +0 mace.
  3010 | D:5      | Reached XP level 7. HP: 43/43 MP: 7/7
  3279 | D:5      | 3279 ||| Stepping ~*~*~tactically~*~*~ (stealth).
  3290 | D:5      | HP: 7/43 [ogre/+0 giant spiked club (8)]
  3291 | D:5      | 3291 ||| READING 2 scrolls of teleportation.
  3292 | D:5      | 3292 ||| DRINKING 2 potions of heal wounds.
  3308 | D:5      | Reached skill level 6 in Axes
  3418 | D:5      | Found a large runed translucent door.
  3419 | D:5      | Found a large runed translucent door.
  3461 | D:5      | Reached skill level 6 in Shields
  3695 | D:5      | Reached XP level 8. HP: 44/48 MP: 8/8
  4042 | D:5      | 4042 ||| UPGRADING to +0 pair of gloves.
  4047 | D:5      | 4047 ||| DROPPING +6 ring of intelligence.
  4048 | D:5      | 4048 ||| DRINKING 3 brown potions.
  4124 | D:6      | Found a staircase to the Ecumenical Temple.
  4125 | D:6      | 4125 ||| PLANNING TEMPLE
  4133 | Temple   | Entered the Ecumenical Temple
  4237 | Temple   | 4237 ||| PLANNING OKAWARU WORSHIP
  4333 | Temple   | Became a worshipper of Warmaster Okawaru
  4334 | Temple   | 4334 ||| PLANNING D:1-11
  4393 | D:6      | 4393 ||| Stepping ~*~*~tactically~*~*~ (hiding).
  4394 | D:6      | 4394 ||| Stepping ~*~*~tactically~*~*~ (hiding).
  4407 | D:6      | 4407 ||| Stepping ~*~*~tactically~*~*~ (stealth).
  4408 | D:6      | 4408 ||| Stepping ~*~*~tactically~*~*~ (stealth).
  4409 | D:6      | 4409 ||| Stepping ~*~*~tactically~*~*~ (stealth).
  4452 | D:6      | Reached skill level 7 in Axes
  4923 | D:6      | 4923 ||| Stepping ~*~*~tactically~*~*~ (hiding).
  4935 | D:6      | Reached * piety under Okawaru
  4936 | D:6      | 4936 ||| INVOKING Heroism.
  5179 | D:6      | 5179 ||| READING scroll labelled SAL ZAIDDYEDUOLI.
  5180 | D:6      | 5180 ||| READING scroll labelled KYTECW CEXTACK.
  5181 | D:6      | 5181 ||| DRINKING 2 green potions.
  5199 | D:6      | 5199 ||| READING 2 scrolls of identify.
  5199 | D:6      | 5199 ||| IDENTIFYING emerald potion
  5262 | D:7      | Reached skill level 1 in Invocations
  5262 | D:7      | 5262 ||| Stepping ~*~*~tactically~*~*~ (hiding).
  5265 | D:7      | 5265 ||| FLEEEEING.
  5266 | D:7      | 5266 ||| STAIRDANCE
  5312 | D:7      | 5312 ||| STAIRDANCE
  5322 | D:6      | Reached XP level 9. HP: 41/54 MP: 9/11
  5367 | D:6      | 5367 ||| UPGRADING to +2 war axe of freezing.
  5368 | D:6      | 5368 ||| DROPPING +0 war axe.
  5382 | D:7      | Reached skill level 3 in Invocations
  5435 | D:7      | Reached ** piety under Okawaru
  5469 | D:7      | 5469 ||| Stepping ~*~*~tactically~*~*~ (stealth).
  5618 | D:7      | 5618 ||| INVOKING Heroism.
  5782 | D:7      | 5782 ||| Stepping ~*~*~tactically~*~*~ (hiding).
  5783 | D:7      | 5783 ||| Stepping ~*~*~tactically~*~*~ (hiding).
  5786 | D:7      | 5786 ||| Stepping ~*~*~tactically~*~*~ (hiding).
  5788 | D:7      | 5788 ||| Stepping ~*~*~tactically~*~*~ (hiding).
  5799 | D:7      | Reached skill level 8 in Axes
  5885 | D:7      | Reached skill level 1 in Throwing
  6084 | D:7      | 6084 ||| READING scroll labelled AFROEH CUTWUED.
  6085 | D:7      | 6085 ||| DRINKING 4 coppery potions.
  6086 | D:7      | 6086 ||| READING 3 scrolls of identify.
  6086 | D:7      | 6086 ||| IDENTIFYING fuming inky potion
  6087 | D:7      | 6087 ||| READING 2 scrolls of identify.
  6087 | D:7      | 6087 ||| IDENTIFYING red potion
  6088 | D:7      | 6088 ||| DROPPING 3 potions of degeneration.
  6123 | D:8      | 6123 ||| Stepping ~*~*~tactically~*~*~ (hiding).
  6124 | D:8      | 6124 ||| Stepping ~*~*~tactically~*~*~ (hiding).
  6125 | D:8      | 6125 ||| Stepping ~*~*~tactically~*~*~ (hiding).
  6126 | D:8      | 6126 ||| Stepping ~*~*~tactically~*~*~ (hiding).
  6127 | D:8      | 6127 ||| Stepping ~*~*~tactically~*~*~ (hiding).
  6130 | D:8      | 6130 ||| INVOKING Heroism.
  6137 | D:8      | 6137 ||| DRINKING 2 potions of curing.
  6137 | D:8      | 6137 ||| (to cure confusion)
  6214 | D:8      | Reached *** piety under Okawaru
  6215 | D:8      | Reached skill level 6 in Fighting
  6219 | D:8      | 6219 ||| Stepping ~*~*~tactically~*~*~ (stealth).
  6220 | D:8      | 6220 ||| Stepping ~*~*~tactically~*~*~ (stealth).
  6281 | D:8      | 6281 ||| Stepping ~*~*~tactically~*~*~ (stealth).
  6282 | D:8      | 6282 ||| Stepping ~*~*~tactically~*~*~ (stealth).
  6289 | D:8      | Noticed a troll
  6290 | D:8      | 6290 ||| INVOKING Heroism.
  6300 | D:8      | Killed a troll
  6300 | D:8      | Received a gift from Okawaru
  6301 | D:8      | Reached skill level 6 in Armour
  6309 | D:8      | Reached XP level 10. HP: 51/60 MP: 13/13
  6309 | D:8      | 6309 ||| INVOKING Heroism.
  6328 | D:8      | Reached skill level 9 in Axes
  6328 | D:8      | Found a staircase to the Lair.
  6330 | D:8      | 6330 ||| FLEEEEING.
  6331 | D:8      | 6331 ||| FLEEEEING.
  6332 | D:8      | 6332 ||| FLEEEEING.
  6334 | D:8      | 6334 ||| FLEEEEING.
  6335 | D:8      | 6335 ||| FLEEEEING.
  6336 | D:8      | 6336 ||| FLEEEEING.
  6349 | D:8      | 6349 ||| FLEEEEING.
  6350 | D:8      | 6350 ||| FLEEEEING.
  6351 | D:8      | 6351 ||| FLEEEEING.
  6352 | D:8      | 6352 ||| FLEEEEING.
  6353 | D:8      | 6353 ||| FLEEEEING.
  6366 | D:8      | 6366 ||| FLEEEEING.
  6367 | D:8      | 6367 ||| FLEEEEING.
  6368 | D:8      | 6368 ||| FLEEEEING.
  6369 | D:8      | 6369 ||| FLEEEEING.
  6371 | D:8      | 6371 ||| FLEEEEING.
  6372 | D:8      | 6372 ||| FLEEEEING.
  6373 | D:8      | 6373 ||| FLEEEEING.
  6375 | D:8      | 6375 ||| FLEEEEING.
  6376 | D:8      | 6376 ||| FLEEEEING.
  6377 | D:8      | 6377 ||| FLEEEEING.
  6378 | D:8      | 6378 ||| FLEEEEING.
  6379 | D:8      | 6379 ||| FLEEEEING.
  6380 | D:8      | 6380 ||| FLEEEEING.
  6381 | D:8      | 6381 ||| FLEEEEING.
  6383 | D:8      | 6383 ||| FLEEEEING.
  6384 | D:8      | 6384 ||| FLEEEEING.
  6385 | D:8      | 6385 ||| FLEEEEING.
  6386 | D:8      | 6386 ||| FLEEEEING.
  6387 | D:8      | 6387 ||| FLEEEEING.
  6388 | D:8      | 6388 ||| STAIRDANCE
  6511 | D:8      | Identified the +0 rapier of Lizxul {speed, MP+9 Str+3}
  6514 | D:8      | 6514 ||| Stepping ~*~*~tactically~*~*~ (hiding).
  6518 | D:8      | Reached **** piety under Okawaru
  6749 | D:8      | 6749 ||| Stepping ~*~*~tactically~*~*~ (stealth).
  6751 | D:8      | 6751 ||| INVOKING Heroism.
  7039 | D:8      | 7039 ||| Stepping ~*~*~tactically~*~*~ (stealth).
  7313 | D:8      | 7313 ||| READING scroll labelled FEOR DEUXT.
  7376 | D:8      | 7376 ||| PLANNING LAIR
  7376 | D:8      | 7376 ||| READING 4 scrolls of identify.
  7376 | D:8      | 7376 ||| IDENTIFYING glowing coppery potion
  7377 | D:8      | 7377 ||| READING 3 scrolls of identify.
  7377 | D:8      | 7377 ||| IDENTIFYING lumpy amethyst potion
  7378 | D:8      | 7378 ||| READING 2 scrolls of identify.
  7378 | D:8      | 7378 ||| IDENTIFYING fuming amethyst potion
  7379 | D:8      | 7379 ||| DROPPING potion of ambrosia.
  7380 | D:8      | 7380 ||| DROPPING potion of enlightenment.
  7431 | Lair:1   | Entered Level 1 of the Lair of Beasts
  7432 | Lair:1   | 7432 ||| INVOKING Heroism.
  7509 | Lair:1   | Noticed a cane toad
  7510 | Lair:1   | 7510 ||| INVOKING Heroism.
  7514 | Lair:1   | Reached skill level 3 in Throwing
  7518 | Lair:1   | Killed a cane toad
  7533 | Lair:1   | 7533 ||| Stepping ~*~*~tactically~*~*~ (stealth).
  7582 | Lair:1   | 7582 ||| Stepping ~*~*~tactically~*~*~ (water).
  7583 | Lair:1   | 7583 ||| INVOKING Heroism.
  7596 | Lair:1   | Noticed a bog body
  7599 | Lair:1   | 7599 ||| Stepping ~*~*~tactically~*~*~ (cloud).
  7603 | Lair:1   | 7603 ||| Stepping ~*~*~tactically~*~*~ (water).
  7606 | Lair:1   | 7606 ||| INVOKING Heroism.
  7607 | Lair:1   | Killed a bog body
  7611 | Lair:1   | HP: 15/63 [ice devil (7)]
  7611 | Lair:1   | Slain by an ice devil

Levels and vault maps discovered:
D:1:      lightli_arrival_maybe_door_vault, layout_loops_ring
D:2:      layout_rooms, basic_altar, eino_curves_03, uniq_terence
D:3:      minmay_razor_zed, layout_basic, st_stairs_4
D:4:      layout_basic, minmay_cut_off
D:5:      layout_loops_corners, jmf_multi_god_temple2,
          kennysheep_decorative_pillar
D:6:      layout_gridville, minmay_temple_entry_poolview
D:7:      layout_loops_ring, st_stairs_5
D:8:      layout_basic, erik_lair_island, nicolae_sextant, grunt_tough_drop
Temple:   nicolae_temple_slightly_damp_pantheon
Lair:1:   dreamdust_isle_of_ice, layout_cave_pods,
          nicolae_volcano_entry_lava_flow, grunt_megastairs_3,
          infiniplex_staircase_pool

Skill      XL: |  1  2  3  4  5  6  7  8  9 10 |
---------------+-------------------------------+-----
Axes           | 2 3 4 5 6 7 8 9 |  9.0
Shields        | 4 5 6 8 |  8.0
Dodging        | 1 2 |  2.5
Fighting       | 4 5 6 7 |  7.1
Armour         | 4 6 |  6.1
Invocations    | 2 4 5 |  5.3
Throwing       | 2 3 |  3.1

Action                     |  1- 3 |  4- 6 |  7- 9 | 10-12 || total
---------------------------+-------+-------+-------+-------++-------
  Melee: War axe           |    67 |   212 |   301 |    59 ||   639
  Throw: Boomerang         |       |       |    19 |       ||    19
         Javelin           |       |       |    11 |     9 ||    20
 Invoke: Heroism           |       |       |     4 |     6 ||    10
    Use: Scroll            |     1 |     4 |     7 |     4 ||    16
         Potion            |       |     2 |     5 |       ||     7
 Armour: Scale mail        |    30 |    65 |       |       ||    95
         Plate armour      |       |    48 |   199 |    65 ||   312
  Dodge: Dodged            |    31 |    70 |    83 |    42 ||   226
  Block: Buckler           |    17 |     1 |       |       ||    18
         Kite shield       |       |    94 |   197 |    65 ||   356

Table legend:
 A = Non-vault XP
 B = Vault XP
 C = Vault XP percentage of total XP
 D = Non-vault monster count
 E = Vault monster count
 F = Vault count percentage of total count
                 A         B        C        D         E       F
            +---------+---------+-------+---------+---------+-------
      Total |    5479 |    2242 |  29.0 |     169 |      35 |  17.2
            +---------+---------+-------+---------+---------+-------
        D:1 |      22 |      36 |  62.1 |      13 |       1 |   7.1
        D:2 |      40 |       0 |   0.0 |      19 |       0 |   0.0
        D:3 |      59 |      45 |  43.3 |      19 |      15 |  44.1
        D:4 |     263 |      17 |   6.1 |      13 |       3 |  18.8
        D:5 |     808 |       0 |   0.0 |      24 |       0 |   0.0
        D:6 |     924 |       0 |   0.0 |      29 |       0 |   0.0
        D:7 |    1075 |      56 |   5.0 |      23 |       3 |  11.5
        D:8 |    1533 |     915 |  37.4 |      25 |       8 |  24.2
     Lair:1 |     755 |    1173 |  60.8 |       4 |       5 |  55.6
            +---------+---------+-------+---------+---------+-------
